Devils vs Capitals
Created - May 30, 2022 at 19:29
Goals
|
| Devils |
1 |
2 |
0 |
0 |
0 |
3 |
| Capitals |
1 |
2 |
0 |
0 |
1 |
4 |
|
Shots
|
| Devils |
9 |
15 |
9 |
1 |
6 |
34 |
| Capitals |
11 |
19 |
2 |
8 |
6 |
40 |
|
1st period
1. Capitals , Jason Spezza 38 (Joe Thornton 41, Cody Hodgson 34) at 12:31 (PP)
2. Devils , Anton Stralman 6 (Jonathan Huberdeau 25, Kristopher Letang 29) at 14:31
Penalties :
Marek Svatos (N.J) for Hooking (Minor) at 7:08, Marian Gaborik (N.J) for Tripping (Minor) at 12:10
2nd period
3. Devils , Zach Parise 14 (Brian McGrattan 17, Jamie Arniel 28) at 7:20
4. Capitals , Patrick Kane 32 (Joe Thornton 42, Victor Hedman 28) at 8:59
5. Capitals , Alexander Radulov 25 (Brad Richardson 18, Victor Hedman 29) at 10:23
6. Devils , Tyler Ennis 36 (Nazem Kadri 43, Thomas Hickey 12) at 19:35
Penalties :
Trevor Daley (Was) for Hooking (Minor) at 14:30
3rd period
No Goal
Penalties :
Alexei Marchenko (Was) for Interference (Minor) at 4:22, Michael Del Zotto (N.J) for Tripping (Minor) at 14:07
Overtime #1
No Goal
Penalties :
No Penalty
Shootout
Devils, Nazem Kadri - Stopped by Cory Schneider
Capitals, Jason Spezza - Shot Misses the Net
Devils, Tyler Ennis - Stopped by Cory Schneider
Capitals, Cody Hodgson - Stopped by Thomas McCollum
Devils, Marian Gaborik - Stopped by Cory Schneider
Capitals, Patrick Kane - Stopped by Thomas McCollum
Devils, Aleksander Barkov - Shot Misses the Net
Capitals, Alexander Radulov - Shot Misses the Net
Devils, Jamie Arniel - Shot Misses the Net
Capitals, Victor Hedman - Stopped by Thomas McCollum
Devils, Eric Tangradi - Shot Misses the Net
Capitals, Logan Couture - Goal!
Penalties :
No Penalty
Goalie Stats
Thomas McCollum (N.J), 37 saves from 40 shots - (0.925), OTL, 10-8-1, 65:00 minutes
Cory Schneider (Was), 31 saves from 34 shots - (0.912), W, 23-20-9, 65:00 minutes
Players Stats for Devils
Player Name G A P +/- PIM S H SB GA TA FO MP PP MP PK MP
------------------------------------------------------------------------------------
Aleksander Barkov 0 0 0 0 0 0 1 0 0 0 4/15 15:27 1:35 0:00
Anton Lander 0 0 0 0 0 0 0 0 0 0 0/1 8:22 0:00 0:59
Anton Stralman 1 0 1 2 0 3 1 0 1 2 0/0 25:46 1:42 2:37
Brian McGrattan 0 1 1 0 0 3 3 0 0 1 0/0 16:25 0:35 0:59
Eric Tangradi 0 0 0 0 0 1 3 0 0 0 0/0 8:07 0:00 0:44
Jamie Arniel 0 1 1 0 0 3 1 1 0 0 8/19 19:02 0:35 2:36
Jonathan Huberdeau 0 1 1 0 0 6 2 0 0 0 0/0 15:07 1:35 0:00
Kristopher Letang 0 1 1 2 0 2 1 1 0 3 0/0 24:43 2:16 0:51
Marek Svatos 0 0 0 0 2 1 2 0 0 2 0/2 14:05 1:35 0:00
Marian Gaborik 0 0 0 1 2 1 5 1 0 1 0/0 18:40 1:48 0:00
Mark Fistric 0 0 0 -1 0 0 1 3 0 2 0/0 21:40 0:00 1:42
Matt Donovan 0 0 0 0 0 2 2 3 1 0 0/0 17:35 0:00 2:37
Michael Del Zotto 0 0 0 -1 2 1 4 3 0 0 0/0 24:01 2:16 0:51
Miikka Salomaki 0 0 0 0 0 1 0 0 0 1 0/0 6:49 0:00 0:00
Nazem Kadri 0 1 1 1 0 3 1 1 0 0 12/22 21:13 1:48 0:00
Thomas Hickey 0 1 1 0 0 1 1 0 1 1 0/0 16:48 1:42 0:00
Tyler Ennis 1 0 1 1 0 3 0 0 2 0 1/3 22:16 1:48 0:44
Zach Parise 1 0 1 0 0 3 2 0 1 1 2/4 19:32 0:35 2:36
Players Stats for Capitals
Player Name G A P +/- PIM S H SB GA TA FO MP PP MP PK MP
------------------------------------------------------------------------------------
Alexander Radulov 1 0 1 -1 0 4 1 0 1 0 0/0 11:31 0:02 0:00
Alexei Marchenko 0 0 0 0 2 1 0 1 1 1 0/0 18:16 0:00 0:36
Blake Pietila 0 0 0 -1 0 2 0 0 1 1 0/0 13:46 0:02 0:45
Brad Richardson 0 1 1 -1 0 1 3 0 0 0 5/12 13:17 0:00 1:02
Cameron Gaunce 0 0 0 0 0 0 2 2 1 0 0/0 24:21 2:14 1:59
Cody Hodgson 0 1 1 0 0 5 1 0 1 0 16/29 22:55 2:28 0:57
Jared Spurgeon 0 0 0 -1 0 0 1 0 0 0 0/0 17:03 0:00 1:23
Jason Spezza 1 0 1 0 0 6 2 0 1 0 0/0 17:36 2:28 0:57
Joe Thornton 0 2 2 0 0 3 4 0 1 1 0/0 18:46 2:28 0:00
Logan Couture 0 0 0 0 0 4 0 0 2 0 10/12 18:01 1:51 1:59
Mark Stone 0 0 0 0 0 2 0 0 1 1 0/1 10:47 0:00 0:00
Milan Michalek 0 0 0 0 0 0 1 0 0 0 0/0 13:41 1:49 0:00
Nikita Zaitsev 0 0 0 0 0 2 2 1 0 1 0/0 27:05 2:05 2:39
Patrick Kane 1 0 1 0 0 3 2 0 2 0 0/1 23:05 1:49 2:16
Patrick Sharp 0 0 0 0 0 1 2 0 1 0 0/0 10:47 0:00 0:00
Sergey Kalinin 0 0 0 0 0 1 1 1 1 0 8/11 10:47 0:00 0:00
Trevor Daley 0 0 0 -1 2 2 3 0 0 0 0/0 18:12 2:14 0:37
Victor Hedman 0 2 2 0 0 3 1 1 0 1 0/0 26:04 2:05 0:42
3 Stars
1 - Joe Thornton (Was)
2 - Anton Stralman (N.J)
3 - Jason Spezza (Was)
Power Play
Devils - 0 on 2 Attempt(s) - 0.00%
Capitals - 1 on 3 Attempt(s) - 33.33%
Penalty Kill
Devils - 2 on 3 Attempt(s) - 66.67%
- Score 0 goal in Penalty Kill
Capitals - 2 on 2 Attempt(s) - 100.00%
- Score 0 goal in Penalty Kill
Team Stat
Devils - Hits : 30 - Faceoff Wins : 27 - Blocked Shots : 13 - Penalty Minutes : 6
Capitals - Hits : 26 - Faceoff Wins : 39 - Blocked Shots : 6 - Penalty Minutes : 4
Official
Referees : Brandon Schrader and Corey Syvret
Linesman : Scott Cherrey and Ryan Daisy
Game Notes
4:53 of 1st period - Capitals goal is going for a video replay. After video review, No Goal. The goalkeeper has been pushed into the net together with the puck after making a save.
17:03 of 1st period - Devils goal is going for a video replay. After video review, No Goal. The puck has been directed, batted or thrown into the net by an attacking player other than with a stick.
Alexei Marchenko is injured at 18:52 of 3rd period (Right Hip)
Finance
Level 1 -- Attendance: 5591 (93.18%) -- Ticket Income $559,100
Level 2 -- Attendance: 5000 (100.00%) -- Ticket Income $300,000
Level 3 -- Attendance: 1888 (94.40%) -- Ticket Income $66,080
Level 4 -- Attendance: 3968 (99.20%) -- Ticket Income $99,200
Luxury Box -- Attendance: 1000 (100.00%) -- Ticket Income $200,000
Game was played at the Capital One Arena.
Total Attendance: 17447 (96.93%)
Total Ticket Income: $1,224,380
Other Income: $183,657
Total Income: $1,408,037
Devils
5 vs 5 Forward
Center Left Wing Right Wing Time % Phy DF OF
1 Nazem Kadri Tyler Ennis Marian Gaborik 34 0 2 3
2 Jamie Arniel Zach Parise Brian McGrattan 30 0 3 2
3 Aleksander Barkov Jonathan Huberdeau Marek Svatos 26 0 2 3
4 Anton Lander Eric Tangradi Miikka Salomaki 10 0 2 3
5 vs 5 Defense
Defense Defense Time % Phy DF OF
1 Anton Stralman Kristopher Letang 38 0 3 2
2 Michael Del Zotto Mark Fistric 34 0 3 2
3 Matt Donovan Thomas Hickey 28 0 3 2
4 Anton Stralman Kristopher Letang 0 0 3 2
PowerPlay Forward
Center Left Wing Right Wing Time % Phy DF OF
1 Nazem Kadri Tyler Ennis Marian Gaborik 60 0 1 4
2 Aleksander Barkov Jonathan Huberdeau Marek Svatos 40 0 1 4
PowerPlay Defense
Defense Defense Time % Phy DF OF
1 Michael Del Zotto Kristopher Letang 60 0 2 3
2 Anton Stralman Thomas Hickey 40 0 2 3
Penalty Kill 4 Players Forward
Center Wing Time % Phy DF OF
1 Jamie Arniel Zach Parise 60 1 4 0
2 Anton Lander Brian McGrattan 40 1 4 0
Penalty Kill 4 Players Defense
Defense Defense Time % Phy DF OF
1 Anton Stralman Matt Donovan 60 1 4 0
2 Mark Fistric Michael Del Zotto 40 1 4 0
Penalty Kill - 3 Players Forward
Forward Time % Phy DF OF
1 Tyler Ennis 60 0 4 1
2 Jamie Arniel 40 0 4 1
Penalty Kill - 3 Players Defense
Defense Defense Time % Phy DF OF
1 Anton Stralman Kristopher Letang 60 1 4 0
2 Michael Del Zotto Mark Fistric 40 1 4 0
4 vs 4 Forward
Center Wing Time % Phy DF OF
1 Nazem Kadri Tyler Ennis 60 0 2 3
2 Jamie Arniel Zach Parise 40 0 2 3
4 vs 4 Defense
Defense Defense Time % Phy DF OF
1 Anton Stralman Kristopher Letang 60 0 3 2
2 Michael Del Zotto Mark Fistric 40 0 3 2
Last Minutes Offensive
Center Left Wing Right Wing Defense Defense
Nazem Kadri Tyler Ennis Marian Gaborik Michael Del Zotto Kristopher Letang
Last Minutes Defensive
Center Left Wing Right Wing Defense Defense
Jamie Arniel Zach Parise Brian McGrattan Anton Stralman Kristopher Letang
Goaltenders
Starting : Thomas McCollum
Backup : Maxime Daigneault
Extra Forwards
Normal : Jonathan Huberdeau, Zach Parise, Aleksander Barkov - PP : Zach Parise, Jamie Arniel - PK : Tyler Ennis
Extra Defensemen
Normal : Kristopher Letang, Matt Donovan, Mark Fistric - PP : Anton Stralman - PK : Kristopher Letang, Matt Donovan
Penalty Shots
Nazem Kadri, Tyler Ennis, Marian Gaborik, Aleksander Barkov, Jamie Arniel
Scratches
Chris Stewart (Healthy), Mike Weber (Healthy)
Capitals
5 vs 5 Forward
Center Left Wing Right Wing Time % Phy DF OF
1 Cody Hodgson Joe Thornton Patrick Kane 35 0 1 4
2 Logan Couture Milan Michalek Jason Spezza 25 0 2 3
3 Brad Richardson Blake Pietila Alexander Radulov 20 0 2 3
4 Sergey Kalinin Patrick Sharp Mark Stone 20 0 3 2
5 vs 5 Defense
Defense Defense Time % Phy DF OF
1 Victor Hedman Nikita Zaitsev 35 0 3 2
2 Alexei Marchenko Cameron Gaunce 35 0 4 1
3 Trevor Daley Jared Spurgeon 25 0 4 1
4 Victor Hedman Nikita Zaitsev 5 0 3 2
PowerPlay Forward
Center Left Wing Right Wing Time % Phy DF OF
1 Cody Hodgson Joe Thornton Jason Spezza 60 0 1 4
2 Logan Couture Milan Michalek Patrick Kane 40 0 1 4
PowerPlay Defense
Defense Defense Time % Phy DF OF
1 Nikita Zaitsev Victor Hedman 60 0 2 3
2 Cameron Gaunce Trevor Daley 40 0 2 3
Penalty Kill 4 Players Forward
Center Wing Time % Phy DF OF
1 Logan Couture Patrick Kane 60 0 4 1
2 Cody Hodgson Jason Spezza 40 0 4 1
Penalty Kill 4 Players Defense
Defense Defense Time % Phy DF OF
1 Nikita Zaitsev Alexei Marchenko 60 0 4 1
2 Victor Hedman Cameron Gaunce 40 0 4 1
Penalty Kill - 3 Players Forward
Forward Time % Phy DF OF
1 Logan Couture 60 0 5 0
2 Patrick Kane 40 0 5 0
Penalty Kill - 3 Players Defense
Defense Defense Time % Phy DF OF
1 Nikita Zaitsev Alexei Marchenko 60 0 5 0
2 Victor Hedman Trevor Daley 40 0 5 0
4 vs 4 Forward
Center Wing Time % Phy DF OF
1 Cody Hodgson Patrick Kane 60 0 2 3
2 Logan Couture Jason Spezza 40 0 2 3
4 vs 4 Defense
Defense Defense Time % Phy DF OF
1 Nikita Zaitsev Victor Hedman 60 0 2 3
2 Cameron Gaunce Alexei Marchenko 40 0 2 3
Last Minutes Offensive
Center Left Wing Right Wing Defense Defense
Cody Hodgson Patrick Kane Jason Spezza Nikita Zaitsev Victor Hedman
Last Minutes Defensive
Center Left Wing Right Wing Defense Defense
Logan Couture Milan Michalek Jason Spezza Alexei Marchenko Victor Hedman
Goaltenders
Starting : Cory Schneider
Backup : Chet Pickard
Extra Forwards
Normal : Patrick Kane, Jason Spezza, Logan Couture - PP : Patrick Kane, Jason Spezza - PK : Patrick Kane
Extra Defensemen
Normal : Victor Hedman, Nikita Zaitsev, Alexei Marchenko - PP : Victor Hedman - PK : Nikita Zaitsev, Alexei Marchenko
Penalty Shots
Jason Spezza, Cody Hodgson, Patrick Kane, Alexander Radulov, Victor Hedman
Scratches
Brian Ferlin (Healthy), Jujhar Khaira (Healthy), Martins Karsums (Healthy)
% Time on Ice - Devils
Lines # - Real PCT - Wanted PCT - Time Play
Normal Forward
1 - 34% - 34% - 17:23
2 - 30% - 30% - 15:20
3 - 24% - 26% - 12:11
4 - 13% - 10% - 6:49
Normal Defense
1 - 36% - 38% - 18:44
2 - 35% - 34% - 18:17
3 - 28% - 28% - 14:42
4 - 0% - 0% - 0:00
PP Forward
1 - 45% - 60% - 1:48
2 - 55% - 40% - 2:10
PP Defense
1 - 57% - 60% - 2:16
2 - 43% - 40% - 1:42
PK Forward
1 - 77% - 60% - 3:20
2 - 23% - 40% - 0:59
PK Defense
1 - 61% - 60% - 2:37
2 - 39% - 40% - 1:42
PK3 Forward
1 - 0% - 60%
2 - 0% - 40%
PK3 Defense
1 - 0% - 60%
2 - 0% - 40%
44 Forward
1 - 74% - 60% - 3:41
2 - 26% - 40% - 1:19
44 Defense
1 - 55% - 60% - 2:45
2 - 45% - 40% - 2:15
Last Minute Offensive - 0:00
Last Minute Defensive - 0:00
Total
Forward - 65:00
Defense - 65:00
|
% Time on Ice - Capitals
Lines # - Real PCT - Wanted PCT - Time Play
Normal Forward
1 - 32% - 35% - 16:42
2 - 26% - 25% - 13:12
3 - 21% - 20% - 11:02
4 - 21% - 20% - 10:47
Normal Defense
1 - 34% - 35% - 17:50
2 - 36% - 35% - 18:35
3 - 27% - 25% - 13:52
4 - 3% - 5% - 1:26
PP Forward
1 - 57% - 60% - 2:28
2 - 43% - 40% - 1:51
PP Defense
1 - 48% - 60% - 2:05
2 - 52% - 40% - 2:14
PK Forward
1 - 76% - 60% - 3:01
2 - 24% - 40% - 0:57
PK Defense
1 - 82% - 60% - 3:16
2 - 18% - 40% - 0:42
PK3 Forward
1 - 0% - 60%
2 - 0% - 40%
PK3 Defense
1 - 0% - 60%
2 - 0% - 40%
44 Forward
1 - 82% - 60% - 4:07
2 - 18% - 40% - 0:53
44 Defense
1 - 51% - 60% - 2:32
2 - 49% - 40% - 2:28
Last Minute Offensive - 0:00
Last Minute Defensive - 0:00
Total
Forward - 65:00
Defense - 65:00
|
Play-by-Play
1st period
0:01 of 1st period - Nazem Kadri wins face-off versus Patrick Kane in neutral zone.
2:27 of 1st period - Wrist shot by Eric Tangradi.
2:27 of 1st period - Stopped by Cory Schneider without a rebound.
2:28 of 1st period - Cody Hodgson wins face-off versus Tyler Ennis in Capitals zone.
2:35 of 1st period - Backhand shot by Cody Hodgson.
2:35 of 1st period - Stopped by Thomas McCollum without a rebound.
2:36 of 1st period - Nazem Kadri wins face-off versus Cody Hodgson in Devils zone.
2:36 of 1st period - Nazem Kadri is hit by Patrick Kane.
2:42 of 1st period - Patrick Kane is hit by Marian Gaborik and loses puck.
3:13 of 1st period - Nazem Kadri is hit by Cody Hodgson and loses puck.
3:26 of 1st period - Wrist shot by Joe Thornton.
3:26 of 1st period - Stopped by Thomas McCollum with a rebound.
3:28 of 1st period - Snap shot by Cameron Gaunce.
3:28 of 1st period - Shot Misses the Net.
3:48 of 1st period - Wrist shot by Tyler Ennis.
3:48 of 1st period - Shot Misses the Net.
4:49 of 1st period - Snap shot by Cody Hodgson.
4:49 of 1st period - Stopped by Thomas McCollum with a rebound.
4:51 of 1st period - Slapshot by Cameron Gaunce.
4:51 of 1st period - Shot Misses the Net.
4:53 of 1st period - Slapshot by Cameron Gaunce.
4:53 of 1st period - Deflect By Joe Thornton.
4:53 of 1st period - Capitals goal is going for a video replay.
4:53 of 1st period - The goal is refused. The goalkeeper has been pushed into the net together with the puck after making a save..
4:54 of 1st period - Sergey Kalinin wins face-off versus Jamie Arniel in Devils zone.
5:05 of 1st period - Snap shot by Mark Stone.
5:05 of 1st period - Shot Misses the Net.
5:18 of 1st period - Icing by Patrick Sharp.
5:19 of 1st period - Brad Richardson wins face-off versus Aleksander Barkov in Capitals zone.
5:32 of 1st period - Snap shot by Blake Pietila.
5:32 of 1st period - Shot Blocked by Kristopher Letang.
5:34 of 1st period - Snap shot by Alexander Radulov.
5:34 of 1st period - Stopped by Thomas McCollum with a rebound.
5:36 of 1st period - Wrist shot by Brad Richardson.
5:36 of 1st period - Shot Misses the Net.
6:05 of 1st period - Slapshot by Kristopher Letang.
6:05 of 1st period - Stopped by Cory Schneider without a rebound.
6:06 of 1st period - Logan Couture wins face-off versus Anton Lander in Capitals zone.
6:37 of 1st period - Victor Hedman is hit by Zach Parise and loses puck.
7:08 of 1st period - Minor Penalty to Marek Svatos for Hooking.
7:09 of 1st period - Logan Couture wins face-off versus Zach Parise in Devils zone.
8:18 of 1st period - Jason Spezza is hit by Eric Tangradi and loses puck.
8:58 of 1st period - Trevor Daley is hit by Brian McGrattan and loses puck.
9:08 of 1st period - Penalty to Marek Svatos is over, Marek Svatos is back on ice.
9:14 of 1st period - Marek Svatos is hit by Alexander Radulov and loses puck.
9:27 of 1st period - Snap shot by Mark Stone.
9:27 of 1st period - Stopped by Thomas McCollum without a rebound.
9:28 of 1st period - Sergey Kalinin wins face-off versus Aleksander Barkov in Devils zone.
9:34 of 1st period - Off-side.
9:35 of 1st period - Aleksander Barkov wins face-off versus Brad Richardson in neutral zone.
10:04 of 1st period - Snap shot by Mark Stone.
10:04 of 1st period - Stopped by Thomas McCollum without a rebound.
10:05 of 1st period - Zach Parise wins face-off versus Sergey Kalinin in Devils zone.
10:30 of 1st period - Trevor Daley is hit by Marian Gaborik and loses puck.
10:53 of 1st period - Off-side.
10:54 of 1st period - Cody Hodgson wins face-off versus Marek Svatos in neutral zone.
11:15 of 1st period - Cody Hodgson is hit by Jonathan Huberdeau.
11:19 of 1st period - Jonathan Huberdeau is hit by Cameron Gaunce and loses puck.
11:30 of 1st period - Slapshot by Jonathan Huberdeau.
11:30 of 1st period - Stopped by Cory Schneider without a rebound.
11:31 of 1st period - Jamie Arniel wins face-off versus Brad Richardson in Capitals zone.
12:10 of 1st period - Minor Penalty to Marian Gaborik for Tripping.
12:11 of 1st period - Jamie Arniel wins face-off versus Cody Hodgson in Devils zone.
12:19 of 1st period - Slapshot by Victor Hedman.
12:19 of 1st period - Shot Misses the Net.
12:21 of 1st period - Slapshot by Victor Hedman.
12:21 of 1st period - Stopped by Thomas McCollum with a rebound.
12:23 of 1st period - Wrist shot by Victor Hedman.
12:23 of 1st period - Deflect By Joe Thornton.
12:23 of 1st period - Shot Blocked by Matt Donovan.
12:23 of 1st period - Puck is out of play.
12:24 of 1st period - Cody Hodgson wins face-off versus Jamie Arniel in Devils zone.
12:29 of 1st period - Snap shot by Joe Thornton.
12:29 of 1st period - Shot Blocked by Matt Donovan.
12:31 of 1st period - Wrist shot by Jason Spezza.
12:31 of 1st period - Goal by Jason Spezza - Devils : 0 - Capitals : 1.
12:32 of 1st period - Cody Hodgson wins face-off versus Jamie Arniel in neutral zone.
12:41 of 1st period - Snap shot by Cody Hodgson.
12:41 of 1st period - Shot Misses the Net.
13:27 of 1st period - Snap shot by Jason Spezza.
13:27 of 1st period - Shot Misses the Net.
13:29 of 1st period - Snap shot by Jason Spezza.
13:29 of 1st period - Stopped by Thomas McCollum with a rebound.
14:29 of 1st period - Wrist shot by Jonathan Huberdeau.
14:29 of 1st period - Stopped by Cory Schneider with a rebound.
14:31 of 1st period - Slapshot by Anton Stralman.
14:31 of 1st period - Goal by Anton Stralman - Devils : 1 - Capitals : 1.
14:32 of 1st period - Cody Hodgson wins face-off versus Jamie Arniel in neutral zone.
14:59 of 1st period - Tyler Ennis is hit by Milan Michalek and loses puck.
15:20 of 1st period - Mark Fistric is hit by Brad Richardson and loses puck.
15:27 of 1st period - Alexander Radulov is hit by Aleksander Barkov and loses puck.
17:01 of 1st period - Snap shot by Jamie Arniel.
17:01 of 1st period - Shot Misses the Net.
17:03 of 1st period - Snap shot by Brian McGrattan.
17:03 of 1st period - Devils goal is going for a video replay.
17:03 of 1st period - The goal is refused. The puck has been directed, batted or thrown into the net by an attacking player other than with a stick..
17:04 of 1st period - Jamie Arniel wins face-off versus Cody Hodgson in Capitals zone.
17:11 of 1st period - Matt Donovan is hit by Joe Thornton and loses puck.
17:27 of 1st period - Wrist shot by Patrick Kane.
17:27 of 1st period - Shot Misses the Net.
17:29 of 1st period - Slapshot by Trevor Daley.
17:29 of 1st period - Stopped by Thomas McCollum without a rebound.
17:30 of 1st period - Logan Couture wins face-off versus Nazem Kadri in Devils zone.
17:36 of 1st period - Anton Stralman is hit by Trevor Daley and loses puck.
17:45 of 1st period - Wrist shot by Tyler Ennis.
17:45 of 1st period - Stopped by Cory Schneider with a rebound.
17:47 of 1st period - Snap shot by Kristopher Letang.
17:47 of 1st period - Stopped by Cory Schneider without a rebound.
17:48 of 1st period - Jamie Arniel wins face-off versus Cody Hodgson in Capitals zone.
17:53 of 1st period - Backhand shot by Brian McGrattan.
17:53 of 1st period - Stopped by Cory Schneider with a rebound.
18:37 of 1st period - Snap shot by Jason Spezza.
18:37 of 1st period - Shot Misses the Net.
18:43 of 1st period - Alexei Marchenko is hit by Marian Gaborik and loses puck.
18:50 of 1st period - Snap shot by Nazem Kadri.
18:50 of 1st period - Shot Blocked by Cameron Gaunce.
19:30 of 1st period - Wrist shot by Zach Parise.
19:30 of 1st period - Shot Hit the Post.
19:37 of 1st period - Icing by Joe Thornton.
19:38 of 1st period - Cody Hodgson wins face-off versus Aleksander Barkov in Capitals zone.
19:38 of 1st period - Cody Hodgson is hit by Michael Del Zotto.
19:50 of 1st period - Icing by Mark Stone.
19:51 of 1st period - Sergey Kalinin wins face-off versus Jamie Arniel in Capitals zone.
19:58 of 1st period - Kristopher Letang is hit by Patrick Sharp and loses puck.
Goals for this period are 1 for Devils vs 1 for Capitals.
Shots for this period are 9 for Devils vs 11 for Capitals.
2nd period
0:01 of 2nd period - Nazem Kadri wins face-off versus Cody Hodgson in neutral zone.
0:10 of 2nd period - Backhand shot by Cody Hodgson.
0:10 of 2nd period - Stopped by Thomas McCollum without a rebound.
0:11 of 2nd period - Jamie Arniel wins face-off versus Cody Hodgson in Devils zone.
0:26 of 2nd period - Slapshot by Victor Hedman.
0:26 of 2nd period - Shot Blocked by Jamie Arniel.
0:28 of 2nd period - Slapshot by Victor Hedman.
0:28 of 2nd period - Stopped by Thomas McCollum without a rebound.
0:29 of 2nd period - Logan Couture wins face-off versus Nazem Kadri in Devils zone.
0:56 of 2nd period - Blake Pietila is hit by Mark Fistric and loses puck.
1:17 of 2nd period - Wrist shot by Jonathan Huberdeau.
1:17 of 2nd period - Stopped by Cory Schneider with a rebound.
1:19 of 2nd period - Snap shot by Anton Stralman.
1:19 of 2nd period - Stopped by Cory Schneider with a rebound.
1:21 of 2nd period - Snap shot by Marek Svatos.
1:21 of 2nd period - Stopped by Cory Schneider with a rebound.
1:45 of 2nd period - Wrist shot by Anton Lander.
1:45 of 2nd period - Shot Blocked by Sergey Kalinin.
1:59 of 2nd period - Slapshot by Michael Del Zotto.
1:59 of 2nd period - Deflect By Milan Michalek.
1:59 of 2nd period - Stopped by Cory Schneider without a rebound.
2:00 of 2nd period - Logan Couture wins face-off versus Nazem Kadri in Capitals zone.
2:05 of 2nd period - Slapshot by Logan Couture.
2:05 of 2nd period - Shot Misses the Net.
2:29 of 2nd period - Snap shot by Jason Spezza.
2:29 of 2nd period - Shot Misses the Net.
2:31 of 2nd period - Slapshot by Jason Spezza.
2:31 of 2nd period - Stopped by Thomas McCollum with a rebound.
2:33 of 2nd period - Wrist shot by Jason Spezza.
2:33 of 2nd period - Stopped by Thomas McCollum with a rebound.
3:13 of 2nd period - Snap shot by Tyler Ennis.
3:13 of 2nd period - Deflect By Nazem Kadri.
3:13 of 2nd period - Shot Misses the Net.
3:13 of 2nd period - Puck is out of play.
3:14 of 2nd period - Jamie Arniel wins face-off versus Cody Hodgson in Capitals zone.
3:25 of 2nd period - Wrist shot by Patrick Kane.
3:25 of 2nd period - Shot Misses the Net.
3:50 of 2nd period - Wrist shot by Blake Pietila.
3:50 of 2nd period - Shot Blocked by Michael Del Zotto.
3:52 of 2nd period - Slapshot by Alexander Radulov.
3:52 of 2nd period - Shot Misses the Net.
3:54 of 2nd period - Wrist shot by Blake Pietila.
3:54 of 2nd period - Deflect By Brad Richardson.
3:54 of 2nd period - Shot Misses the Net.
3:54 of 2nd period - Puck is out of play.
3:55 of 2nd period - Sergey Kalinin wins face-off versus Aleksander Barkov in Devils zone.
3:56 of 2nd period - Snap shot by Patrick Sharp.
3:56 of 2nd period - Shot Misses the Net.
3:58 of 2nd period - Wrist shot by Sergey Kalinin.
3:58 of 2nd period - Shot Misses the Net.
4:00 of 2nd period - Wrist shot by Mark Stone.
4:00 of 2nd period - Shot Misses the Net.
4:02 of 2nd period - Slapshot by Sergey Kalinin.
4:02 of 2nd period - Deflect By Patrick Sharp.
4:02 of 2nd period - Shot Misses the Net.
4:02 of 2nd period - Puck is out of play.
4:03 of 2nd period - Sergey Kalinin wins face-off versus Aleksander Barkov in Devils zone.
4:36 of 2nd period - Snap shot by Jamie Arniel.
4:36 of 2nd period - Shot Misses the Net.
4:38 of 2nd period - Slapshot by Thomas Hickey.
4:38 of 2nd period - Stopped by Cory Schneider without a rebound.
4:39 of 2nd period - Nazem Kadri wins face-off versus Brad Richardson in Capitals zone.
4:50 of 2nd period - Snap shot by Tyler Ennis.
4:50 of 2nd period - Shot Misses the Net.
5:06 of 2nd period - Michael Del Zotto is hit by Joe Thornton and loses puck.
5:45 of 2nd period - Sergey Kalinin is hit by Kristopher Letang and loses puck.
5:58 of 2nd period - Snap shot by Mark Stone.
5:58 of 2nd period - Shot Blocked by Nazem Kadri.
7:16 of 2nd period - Snap shot by Nazem Kadri.
7:16 of 2nd period - Deflect By Tyler Ennis.
7:16 of 2nd period - Shot Misses the Net.
7:16 of 2nd period - Puck is out of play.
7:17 of 2nd period - Jamie Arniel wins face-off versus Cody Hodgson in Capitals zone.
7:20 of 2nd period - Slapshot by Zach Parise.
7:20 of 2nd period - Goal by Zach Parise - Devils : 2 - Capitals : 1.
7:21 of 2nd period - Cody Hodgson wins face-off versus Jamie Arniel in neutral zone.
7:36 of 2nd period - Slapshot by Kristopher Letang.
7:36 of 2nd period - Shot Blocked by Nikita Zaitsev.
7:46 of 2nd period - Jamie Arniel is hit by Nikita Zaitsev and loses puck.
8:35 of 2nd period - Slapshot by Jamie Arniel.
8:35 of 2nd period - Shot Misses the Net.
8:59 of 2nd period - Snap shot by Patrick Kane.
8:59 of 2nd period - Goal by Patrick Kane - Devils : 2 - Capitals : 2.
9:00 of 2nd period - Nazem Kadri wins face-off versus Brad Richardson in neutral zone.
9:17 of 2nd period - Snap shot by Nazem Kadri.
9:17 of 2nd period - Shot Misses the Net.
9:29 of 2nd period - Slapshot by Alexei Marchenko.
9:29 of 2nd period - Stopped by Thomas McCollum without a rebound.
9:30 of 2nd period - Aleksander Barkov wins face-off versus Logan Couture in Devils zone.
9:39 of 2nd period - Snap shot by Logan Couture.
9:39 of 2nd period - Shot Misses the Net.
9:41 of 2nd period - Slapshot by Logan Couture.
9:41 of 2nd period - Stopped by Thomas McCollum with a rebound.
9:43 of 2nd period - Snap shot by Logan Couture.
9:43 of 2nd period - Shot Misses the Net.
9:45 of 2nd period - Snap shot by Trevor Daley.
9:45 of 2nd period - Stopped by Thomas McCollum without a rebound.
9:46 of 2nd period - Nazem Kadri wins face-off versus Sergey Kalinin in Devils zone.
9:53 of 2nd period - Backhand shot by Patrick Sharp.
9:53 of 2nd period - Stopped by Thomas McCollum with a rebound.
9:55 of 2nd period - Wrist shot by Patrick Sharp.
9:55 of 2nd period - Shot Blocked by Matt Donovan.
9:57 of 2nd period - Snap shot by Mark Stone.
9:57 of 2nd period - Shot Misses the Net.
9:59 of 2nd period - Slapshot by Victor Hedman.
9:59 of 2nd period - Stopped by Thomas McCollum with a rebound.
10:01 of 2nd period - Slapshot by Nikita Zaitsev.
10:01 of 2nd period - Stopped by Thomas McCollum without a rebound.
10:02 of 2nd period - Brad Richardson wins face-off versus Aleksander Barkov in Devils zone.
10:05 of 2nd period - Wrist shot by Blake Pietila.
10:05 of 2nd period - Stopped by Thomas McCollum without a rebound.
10:06 of 2nd period - Brad Richardson wins face-off versus Aleksander Barkov in Devils zone.
10:07 of 2nd period - Snap shot by Blake Pietila.
10:07 of 2nd period - Deflect By Alexander Radulov.
10:07 of 2nd period - Shot Blocked by Michael Del Zotto.
10:07 of 2nd period - Puck is out of play.
10:08 of 2nd period - Brad Richardson wins face-off versus Marek Svatos in Devils zone.
10:13 of 2nd period - Slapshot by Alexander Radulov.
10:13 of 2nd period - Stopped by Thomas McCollum with a rebound.
10:15 of 2nd period - Slapshot by Victor Hedman.
10:15 of 2nd period - Shot Misses the Net.
10:17 of 2nd period - Slapshot by Brad Richardson.
10:17 of 2nd period - Stopped by Thomas McCollum with a rebound.
10:19 of 2nd period - Snap shot by Alexander Radulov.
10:19 of 2nd period - Stopped by Thomas McCollum with a rebound.
10:21 of 2nd period - Snap shot by Brad Richardson.
10:21 of 2nd period - Shot Blocked by Mark Fistric.
10:23 of 2nd period - Slapshot by Alexander Radulov.
10:23 of 2nd period - Goal by Alexander Radulov - Devils : 2 - Capitals : 3.
10:24 of 2nd period - Tyler Ennis wins face-off versus Sergey Kalinin in neutral zone.
10:27 of 2nd period - Wrist shot by Nazem Kadri.
10:27 of 2nd period - Shot Misses the Net.
10:29 of 2nd period - Wrist shot by Matt Donovan.
10:29 of 2nd period - Stopped by Cory Schneider without a rebound.
10:30 of 2nd period - Nazem Kadri wins face-off versus Mark Stone in Capitals zone.
11:07 of 2nd period - Milan Michalek is hit by Jonathan Huberdeau and loses puck.
11:52 of 2nd period - Wrist shot by Miikka Salomaki.
11:52 of 2nd period - Stopped by Cory Schneider with a rebound.
12:24 of 2nd period - Sergey Kalinin is hit by Nazem Kadri and loses puck.
12:28 of 2nd period - Icing by Cameron Gaunce.
12:29 of 2nd period - Sergey Kalinin wins face-off versus Nazem Kadri in Capitals zone.
12:40 of 2nd period - Sergey Kalinin is hit by Matt Donovan and loses puck.
13:24 of 2nd period - Slapshot by Jamie Arniel.
13:24 of 2nd period - Shot Misses the Net.
13:34 of 2nd period - Cody Hodgson is hit by Marian Gaborik and loses puck.
13:43 of 2nd period - Wrist shot by Nazem Kadri.
13:43 of 2nd period - Shot Blocked by Alexei Marchenko.
14:06 of 2nd period - Off-side.
14:07 of 2nd period - Logan Couture wins face-off versus Nazem Kadri in neutral zone.
14:20 of 2nd period - Wrist shot by Tyler Ennis.
14:20 of 2nd period - Shot Misses the Net.
14:30 of 2nd period - Minor Penalty to Trevor Daley for Hooking.
14:31 of 2nd period - Nazem Kadri wins face-off versus Logan Couture in Capitals zone.
14:32 of 2nd period - Backhand shot by Tyler Ennis.
14:32 of 2nd period - Stopped by Cory Schneider without a rebound.
14:33 of 2nd period - Logan Couture wins face-off versus Nazem Kadri in Capitals zone.
15:06 of 2nd period - Nikita Zaitsev is hit by Michael Del Zotto and loses puck.
15:49 of 2nd period - Blake Pietila is hit by Michael Del Zotto.
16:15 of 2nd period - Patrick Kane is hit by Marian Gaborik and loses puck.
16:30 of 2nd period - Penalty to Trevor Daley is over, Trevor Daley is back on ice.
16:34 of 2nd period - Snap shot by Nazem Kadri.
16:34 of 2nd period - Shot Blocked by Victor Hedman.
16:55 of 2nd period - Icing by Victor Hedman.
16:56 of 2nd period - Cody Hodgson wins face-off versus Jamie Arniel in Capitals zone.
17:01 of 2nd period - Cody Hodgson is hit by Brian McGrattan and loses puck.
17:06 of 2nd period - Slapshot by Matt Donovan.
17:06 of 2nd period - Stopped by Cory Schneider with a rebound.
17:08 of 2nd period - Wrist shot by Jamie Arniel.
17:08 of 2nd period - Deflect By Victor Hedman.
17:08 of 2nd period - Stopped by Cory Schneider without a rebound.
17:09 of 2nd period - Aleksander Barkov wins face-off versus Brad Richardson in Capitals zone.
17:10 of 2nd period - Wrist shot by Jonathan Huberdeau.
17:10 of 2nd period - Stopped by Cory Schneider with a rebound.
17:34 of 2nd period - Mark Stone is hit by Eric Tangradi and loses puck.
17:41 of 2nd period - Snap shot by Eric Tangradi.
17:41 of 2nd period - Shot Misses the Net.
17:43 of 2nd period - Slapshot by Anton Stralman.
17:43 of 2nd period - Stopped by Cory Schneider without a rebound.
17:44 of 2nd period - Jamie Arniel wins face-off versus Cody Hodgson in Capitals zone.
18:21 of 2nd period - Wrist shot by Blake Pietila.
18:21 of 2nd period - Stopped by Thomas McCollum without a rebound.
18:22 of 2nd period - Cody Hodgson wins face-off versus Nazem Kadri in Devils zone.
19:15 of 2nd period - Snap shot by Matt Donovan.
19:15 of 2nd period - Deflect By Zach Parise.
19:15 of 2nd period - Stopped by Cory Schneider with a rebound.
19:33 of 2nd period - Wrist shot by Nazem Kadri.
19:33 of 2nd period - Shot Misses the Net.
19:35 of 2nd period - Slapshot by Tyler Ennis.
19:35 of 2nd period - Goal by Tyler Ennis - Devils : 3 - Capitals : 3.
19:36 of 2nd period - Nazem Kadri wins face-off versus Cody Hodgson in neutral zone.
19:43 of 2nd period - Snap shot by Joe Thornton.
19:43 of 2nd period - Stopped by Thomas McCollum with a rebound.
19:45 of 2nd period - Slapshot by Nikita Zaitsev.
19:45 of 2nd period - Stopped by Thomas McCollum without a rebound.
19:46 of 2nd period - Cody Hodgson wins face-off versus Nazem Kadri in Devils zone.
Goals for this period are 2 for Devils vs 2 for Capitals.
Shots for this period are 15 for Devils vs 19 for Capitals.
3rd period
0:01 of 3rd period - Cody Hodgson wins face-off versus Jamie Arniel in neutral zone.
0:32 of 3rd period - Wrist shot by Nazem Kadri.
0:32 of 3rd period - Stopped by Cory Schneider with a rebound.
0:48 of 3rd period - Snap shot by Jonathan Huberdeau.
0:48 of 3rd period - Stopped by Cory Schneider without a rebound.
0:49 of 3rd period - Logan Couture wins face-off versus Aleksander Barkov in Capitals zone.
0:54 of 3rd period - Kristopher Letang is hit by Jason Spezza and loses puck.
1:28 of 3rd period - Kristopher Letang is hit by Jason Spezza and loses puck.
2:01 of 3rd period - Slapshot by Jamie Arniel.
2:01 of 3rd period - Stopped by Cory Schneider with a rebound.
2:10 of 3rd period - Snap shot by Brian McGrattan.
2:10 of 3rd period - Shot Misses the Net.
2:12 of 3rd period - Snap shot by Jamie Arniel.
2:12 of 3rd period - Stopped by Cory Schneider without a rebound.
2:13 of 3rd period - Nazem Kadri wins face-off versus Cody Hodgson in Capitals zone.
2:47 of 3rd period - Aleksander Barkov is hit by Sergey Kalinin.
3:21 of 3rd period - Snap shot by Patrick Kane.
3:21 of 3rd period - Shot Misses the Net.
3:23 of 3rd period - Slapshot by Jared Spurgeon.
3:23 of 3rd period - Shot Misses the Net.
3:25 of 3rd period - Snap shot by Patrick Kane.
3:25 of 3rd period - Shot Blocked by Marian Gaborik.
4:22 of 3rd period - Minor Penalty to Alexei Marchenko for Interference.
4:23 of 3rd period - Logan Couture wins face-off versus Aleksander Barkov in Capitals zone.
4:40 of 3rd period - Nikita Zaitsev is hit by Anton Stralman and loses puck.
5:56 of 3rd period - Icing by Thomas Hickey.
5:57 of 3rd period - Zach Parise wins face-off versus Brad Richardson in Devils zone.
6:02 of 3rd period - Nikita Zaitsev is hit by Zach Parise and loses puck.
6:22 of 3rd period - Penalty to Alexei Marchenko is over, Alexei Marchenko is back on ice.
6:45 of 3rd period - Slapshot by Brian McGrattan.
6:45 of 3rd period - Deflect By Zach Parise.
6:45 of 3rd period - Stopped by Cory Schneider without a rebound.
6:46 of 3rd period - Sergey Kalinin wins face-off versus Aleksander Barkov in Capitals zone.
7:43 of 3rd period - Eric Tangradi is hit by Joe Thornton and loses puck.
8:20 of 3rd period - Alexander Radulov is hit by Thomas Hickey and loses puck.
8:27 of 3rd period - Jamie Arniel is hit by Brad Richardson and loses puck.
8:48 of 3rd period - Snap shot by Nazem Kadri.
8:48 of 3rd period - Shot Blocked by Cameron Gaunce.
8:50 of 3rd period - Slapshot by Marian Gaborik.
8:50 of 3rd period - Stopped by Cory Schneider with a rebound.
8:52 of 3rd period - Wrist shot by Nazem Kadri.
8:52 of 3rd period - Stopped by Cory Schneider with a rebound.
9:08 of 3rd period - Snap shot by Sergey Kalinin.
9:08 of 3rd period - Stopped by Thomas McCollum without a rebound.
9:09 of 3rd period - Sergey Kalinin wins face-off versus Aleksander Barkov in Devils zone.
9:20 of 3rd period - Victor Hedman is hit by Marek Svatos and loses puck.
9:35 of 3rd period - Michael Del Zotto is hit by Joe Thornton and loses puck.
9:42 of 3rd period - Snap shot by Patrick Kane.
9:42 of 3rd period - Stopped by Thomas McCollum with a rebound.
10:16 of 3rd period - Mark Fistric is hit by Cameron Gaunce and loses puck.
10:27 of 3rd period - Eric Tangradi is hit by Victor Hedman and loses puck.
10:43 of 3rd period - Aleksander Barkov is hit by Patrick Sharp and loses puck.
11:27 of 3rd period - Nazem Kadri is hit by Trevor Daley and loses puck.
12:43 of 3rd period - Milan Michalek is hit by Marek Svatos and loses puck.
13:10 of 3rd period - Eric Tangradi is hit by Brad Richardson and loses puck.
13:31 of 3rd period - Patrick Sharp is hit by Brian McGrattan and loses puck.
13:36 of 3rd period - Wrist shot by Brian McGrattan.
13:36 of 3rd period - Stopped by Cory Schneider with a rebound.
13:38 of 3rd period - Snap shot by Brian McGrattan.
13:38 of 3rd period - Shot Misses the Net.
14:07 of 3rd period - Minor Penalty to Michael Del Zotto for Tripping.
14:08 of 3rd period - Cody Hodgson wins face-off versus Jamie Arniel in Devils zone.
14:22 of 3rd period - Off-side.
14:23 of 3rd period - Cody Hodgson wins face-off versus Jamie Arniel in neutral zone.
15:17 of 3rd period - Kristopher Letang is hit by Nikita Zaitsev and loses puck.
16:05 of 3rd period - Victor Hedman is hit by Matt Donovan and loses puck.
16:07 of 3rd period - Penalty to Michael Del Zotto is over, Michael Del Zotto is back on ice.
18:09 of 3rd period - Matt Donovan is hit by Patrick Kane and loses puck.
18:51 of 3rd period - Alexei Marchenko is hit by Eric Tangradi and loses puck.
18:52 of 3rd period - Alexei Marchenko from Capitals is injured at 18:52 of 3rd period (Right Hip).
18:53 of 3rd period - Aleksander Barkov wins face-off versus Brad Richardson in Capitals zone.
19:06 of 3rd period - Slapshot by Jonathan Huberdeau.
19:06 of 3rd period - Stopped by Cory Schneider with a rebound.
Goals for this period are 0 for Devils vs 0 for Capitals.
Shots for this period are 9 for Devils vs 2 for Capitals.
Overtime #1
0:01 of 1st overtime period - Nazem Kadri wins face-off versus Cody Hodgson in neutral zone.
0:10 of 1st overtime period - Wrist shot by Tyler Ennis.
0:10 of 1st overtime period - Deflect By Nazem Kadri.
0:10 of 1st overtime period - Stopped by Cory Schneider without a rebound.
0:11 of 1st overtime period - Nazem Kadri wins face-off versus Cody Hodgson in Capitals zone.
0:22 of 1st overtime period - Slapshot by Cody Hodgson.
0:22 of 1st overtime period - Stopped by Thomas McCollum with a rebound.
0:24 of 1st overtime period - Wrist shot by Cody Hodgson.
0:24 of 1st overtime period - Deflect By Patrick Kane.
0:24 of 1st overtime period - Shot Misses the Net.
0:24 of 1st overtime period - Puck is out of play.
0:25 of 1st overtime period - Cody Hodgson wins face-off versus Nazem Kadri in Devils zone.
0:30 of 1st overtime period - Snap shot by Patrick Kane.
0:30 of 1st overtime period - Stopped by Thomas McCollum without a rebound.
0:31 of 1st overtime period - Cody Hodgson wins face-off versus Nazem Kadri in Devils zone.
1:15 of 1st overtime period - Wrist shot by Logan Couture.
1:15 of 1st overtime period - Stopped by Thomas McCollum without a rebound.
1:16 of 1st overtime period - Logan Couture wins face-off versus Jamie Arniel in Devils zone.
1:19 of 1st overtime period - Snap shot by Logan Couture.
1:19 of 1st overtime period - Stopped by Thomas McCollum with a rebound.
1:21 of 1st overtime period - Wrist shot by Logan Couture.
1:21 of 1st overtime period - Shot Blocked by Michael Del Zotto.
1:37 of 1st overtime period - Snap shot by Jason Spezza.
1:37 of 1st overtime period - Stopped by Thomas McCollum with a rebound.
1:39 of 1st overtime period - Slapshot by Jason Spezza.
1:39 of 1st overtime period - Stopped by Thomas McCollum without a rebound.
1:40 of 1st overtime period - Cody Hodgson wins face-off versus Tyler Ennis in Devils zone.
1:43 of 1st overtime period - Slapshot by Cody Hodgson.
1:43 of 1st overtime period - Stopped by Thomas McCollum with a rebound.
2:27 of 1st overtime period - Snap shot by Logan Couture.
2:27 of 1st overtime period - Stopped by Thomas McCollum with a rebound.
2:29 of 1st overtime period - Wrist shot by Victor Hedman.
2:29 of 1st overtime period - Shot Blocked by Mark Fistric.
2:31 of 1st overtime period - Slapshot by Victor Hedman.
2:31 of 1st overtime period - Shot Blocked by Mark Fistric.
3:50 of 1st overtime period - Kristopher Letang is hit by Trevor Daley and loses puck.
4:07 of 1st overtime period - Nikita Zaitsev is hit by Jamie Arniel.
4:19 of 1st overtime period - Jason Spezza is hit by Michael Del Zotto and loses puck.
4:36 of 1st overtime period - Aleksander Barkov is hit by Jared Spurgeon.
4:55 of 1st overtime period - Icing by Zach Parise.
4:56 of 1st overtime period - Brad Richardson wins face-off versus Zach Parise in Devils zone.
Goals for this period are 0 for Devils vs 0 for Capitals.
Shots for this period are 1 for Devils vs 8 for Capitals.
ShootOut
5:00 of 1st overtime period - Round #1.
5:00 of 1st overtime period - Devils, Nazem Kadri.
5:00 of 1st overtime period - Snap shot by Nazem Kadri.
5:00 of 1st overtime period - Stopped by Cory Schneider.
5:00 of 1st overtime period - Capitals, Jason Spezza.
5:00 of 1st overtime period - Wrist shot by Jason Spezza.
5:00 of 1st overtime period - Shot Misses the Net.
5:00 of 1st overtime period - Round #2.
5:00 of 1st overtime period - Devils, Tyler Ennis.
5:00 of 1st overtime period - Snap shot by Tyler Ennis.
5:00 of 1st overtime period - Stopped by Cory Schneider.
5:00 of 1st overtime period - Capitals, Cody Hodgson.
5:00 of 1st overtime period - Deke by Cody Hodgson.
5:00 of 1st overtime period - Stopped by Thomas McCollum.
5:00 of 1st overtime period - Round #3.
5:00 of 1st overtime period - Devils, Marian Gaborik.
5:00 of 1st overtime period - Wrist shot by Marian Gaborik.
5:00 of 1st overtime period - Stopped by Cory Schneider.
5:00 of 1st overtime period - Capitals, Patrick Kane.
5:00 of 1st overtime period - Backhand shot by Patrick Kane.
5:00 of 1st overtime period - Stopped by Thomas McCollum.
5:00 of 1st overtime period - Round #4.
5:00 of 1st overtime period - Devils, Aleksander Barkov.
5:00 of 1st overtime period - Backhand shot by Aleksander Barkov.
5:00 of 1st overtime period - Shot Misses the Net.
5:00 of 1st overtime period - Capitals, Alexander Radulov.
5:00 of 1st overtime period - Snap shot by Alexander Radulov.
5:00 of 1st overtime period - Shot Misses the Net.
5:00 of 1st overtime period - Round #5.
5:00 of 1st overtime period - Devils, Jamie Arniel.
5:00 of 1st overtime period - Deke by Jamie Arniel.
5:00 of 1st overtime period - Shot Misses the Net.
5:00 of 1st overtime period - Capitals, Victor Hedman.
5:00 of 1st overtime period - Wrist shot by Victor Hedman.
5:00 of 1st overtime period - Stopped by Thomas McCollum.
5:00 of 1st overtime period - Round #6.
5:00 of 1st overtime period - Devils, Eric Tangradi.
5:00 of 1st overtime period - Snap shot by Eric Tangradi.
5:00 of 1st overtime period - Shot Misses the Net.
5:00 of 1st overtime period - Capitals, Logan Couture.
5:00 of 1st overtime period - Wrist shot by Logan Couture.
5:00 of 1st overtime period - Goal by Logan Couture.